 Dungeon Crawl Stone Soup version 0.30.0-5-g1a98f26d00 (console) character file.

Game seed: 3130685533620988216

45 jejorda2 the Cutter (level 3, -1/20 HPs)
             Began as a Vine Stalker Berserker on May 8, 2023.
             Was a Follower of Trog.
             Slain by a kobold
             ... wielding a +1 whip of electrocution
              (14 damage)
             ... on level 3 of the Dungeon.
             The game lasted 00:02:09 (1569 turns).

jejorda2 the Cutter (Vine Stalker Berserker)        Turns: 1569, Time: 00:02:09

Health: -1/20      AC:  3    Str: 21    XL:     3   Next: 64%
Magic:  0/4        EV: 11    Int:  7    God:    Trog [*.....]
Gold:   145        SH:  0    Dex: 13    Spells: 2/2 levels left

rFire   . . .        a - +0 short sword
rCold   . . .        (no shield)
rNeg    . . .        e - +0 leather armour
rPois   .            (no helmet)
rElec   .            (no cloak)
rCorr   +            (no gloves)
SInv    .            (no boots)
Will    .....        (no amulet)
Stlth   +            i - ring of resist corrosion
HPRegen 0.23/turn    (no ring)
MPRegen 0.09/turn

%: guardian spirit
@: no status effects
A: fangs 2, magic shield, antimagic bite, no potion heal 2
a: Renounce Religion, Berserk


You were on level 3 of the Dungeon.
You worshipped Trog.
Trog was aware of your devotion.
You visited 1 branch of the dungeon, and saw 3 of its levels.

You collected 145 gold pieces.

Inventory:

Hand Weapons
 a - a +0 short sword (weapon)
Missiles
 c - 13 stones (quivered)
Armour
 e - a +0 leather armour (worn)
Jewellery
 i - a ring of resist corrosion (left hand)
Scrolls
 b - a scroll of poison {unknown}
 d - a scroll of vulnerability {unknown}
 f - a scroll of torment {unknown}
 g - a scroll of brand weapon {unknown}
 h - 2 scrolls of identify {unknown}
 j - a scroll of amnesia {unknown}
 m - a scroll of blinking {unknown}
Potions
 k - 2 potions of heal wounds {unknown}
 l - a potion of mutation {unknown}
 n - a potion of haste {unknown}


   Skills:
 + Level 3.2 Fighting
 * Level 3.7 Short Blades
 - Level 1.5 Armour
 - Level 1.5 Dodging


You had 2 spell levels left.
You didn't know any spells.
Your spell library was empty.

Dungeon Overview and Level Annotations

Branches:
Dungeon (3/15)

Altars:
Elyvilon


Innate Abilities, Weirdness & Mutations

You have extremely sharp teeth.
When hurt, damage is shared between your health and your magic reserves.
Your bite disrupts and absorbs the magic of your enemies.
Potions cannot restore your health.


Message History

Trog accepts your kill.
No target in view!
No target in view!
HP restored.
m - a scroll labelled JUKKOO UFOO
k - 2 glowing yellow potions (gained 1)
You now have 130 gold pieces (gained 7).
n - a bubbling blue potion You now have 145 gold pieces (gained 15).
A goblin comes into view. It is wielding a +0 club.
Found 16 gold pieces.
A goblin is nearby!
Found a scroll labelled COAGYRA ONOEW.
The goblin shouts!
You hear an angry hiss.
An adder comes into view.
A kobold comes into view.
It is wielding a +1 whip of electrocution.
The goblin hits you with a +0 club.
You closely miss the goblin. Your bite misses the goblin. You hit the goblin.
The goblin is heavily wounded.
The goblin misses you.
You fail to use your ability.
The goblin hits you with a +0 club. The adder bites you but does no damage.
You hit the goblin. Your bite misses the goblin.
The goblin is severely wounded.
The goblin barely misses you. The adder bites you but does no damage.
You closely miss the goblin.
The goblin is severely wounded.
The goblin closely misses you. The adder completely misses you.
You miss the goblin.
The goblin is severely wounded.
The adder closely misses you. The kobold barely misses you.
The goblin hits you but does no damage.
You hit the kobold but do no damage. The adder barely misses you.
You closely miss the kobold. Your bite misses the kobold.
The goblin hits you with a +0 club.
The kobold hits you with a +1 whip of electrocution.
You are electrocuted!
Ouch! That really hurt!
You die...

..#######.
#....#....
.......?.. ##
......... .###.
.....#..#
#...$##...$....
.......gK..#...
.#....S@...#...
..............# #
....(......#.## .#
.#.###...###.# .#
..# #..## #.##..#
#...###...###.....#
...............##.#
....##..##.......#
..####..##.#........


You could see an adder, a goblin and a kobold.

Vanquished Creatures
  2 adders (D:2)
  A dart slug (D:3)
  3 bats
  3 endoplasms (D:2)
  3 hobgoblins
  2 jackals (D:1)
  A kobold (D:2)
  A quokka (D:1)
  2 ball pythons
  2 frilled lizards
  2 goblins (D:2)
  2 rats (D:2)
24 creatures vanquished.

Notes
Turn   | Place    | Note
-------+----------+-------------------------------------------
     0 | D:1      | jejorda2 the Vine Stalker Berserker began the quest for the
                  | Orb.
     0 | D:1      | Reached XP level 1. HP: 11/11 MP: 2/2
   325 | D:1      | Reached XP level 2. HP: 10/16 MP: 3/3
   811 | D:2      | Found a white marble altar of Elyvilon.
   975 | D:2      | Reached XP level 3. HP: 20/20 MP: 4/4
  1569 | D:3      | Slain by a kobold

Illustrated notes

Levels and vault maps discovered:
D:1:      dpeg_chamrin_arrival_tetris, layout_loops_ring, reono_crystal_passage,
          dreamdust_mushroom_princess
D:2:      layout_loops_cross, basic_altar, minmay_misc_feat_chi
D:3:      layout_rooms

Skill      XL: |  1  2 |
---------------+-------+-----
Short Blades   | 3 |  3.7
Fighting       | 3 |  3.2
Armour         | |  1.5
Dodging        | |  1.5

Action                     || total
---------------------------++-------
  Melee: Short sword       ||    87
         Bite              ||    21
         Punch             ||     2
 Invoke: Berserk           ||     2
 Armour: Animal skin       ||     3
         Leather armour    ||    16
  Dodge: Dodged            ||    48
